TOP OF THE 1ST |
Amarillo Archdukes batting - Pitching for Allentown Hillbillies : LHP Dan Rogers
|
Pitching: LHP Dan Rogers
|
|
Batting: RHB Gil Watcham
|
0-0: Ball 1-0: Swinging Strike 1-1: Ball 2-1: Ball 3-1: SINGLE (Groundball, 4MD)
|
Batting: RHB Ronald Parsons
|
0-0: Ball 1-0: DOUBLE (Line Drive, 9LM) Gil Watcham to third Runner from 3rd tries for Home, SAFE, no throw or cutoff
|
Batting: LHB Michael Cook
|
0-0: Ball 1-0: Ball Passed Ball! Ronald Parsons to third 2-0: Called Strike 2-1: Foul Ball, location: 2F 2-2: Foul Ball, location: 2F 2-2: Ground out 6-3 (Groundball, 6) Ronald Parsons scores
|
Batting: RHB Eric Fuller
|
0-0: Ball 1-0: Called Strike 1-1: Ball 2-1: Ground out 4-3 (Groundball, 4M)
|
Batting: SHB António De La Cruz
|
0-0: Foul Ball, location: 2F 0-1: Ball 1-1: Swinging Strike 1-2: SINGLE (Flyball, 9S)
|
Batting: RHB Domingo Bueno
|
0-0: Ball 1-0: Called Strike 1-1: Ball 2-1: Ball 3-1: Fly out, F2 (Popup, 25F)
|
Top of the 1st over - 2 run(s), 3 hit(s), 0 error(s), 1 left on base; Amarillo 2 - Allentown 0 |
BOTTOM OF THE 1ST |
Allentown Hillbillies batting - Pitching for Amarillo Archdukes : RHP Nick Parks
|
Pitching: RHP Nick Parks
|
|
Batting: LHB Miguel Colón
|
0-0: Foul Ball, location: 2F 0-1: Foul Ball, location: 2F 0-2: Foul Ball, location: 2F 0-2: Foul Ball, location: 2F 0-2: Foul Ball, location: 2F 0-2: Ball 1-2: Ball 2-2: SINGLE (Line Drive, 6M)
|
Batting: RHB Chad Huggins
|
0-0: Ball 1-0: Grounds into double play, 6-4-3 (Groundball, 6)
|
Batting: RHB Carl Brown
|
0-0: Ground out 6-3 (Groundball, 6M)
|
Bottom of the 1st over - 0 run(s), 1 hit(s), 0 error(s), 0 left on base; Amarillo 2 - Allentown 0 |
TOP OF THE 2ND |
Amarillo Archdukes batting - Pitching for Allentown Hillbillies : LHP Dan Rogers
|
Batting: LHB Héctor Martínez
|
0-0: Ball 1-0: Called Strike 1-1: Ball 2-1: Ball 3-1: Base on Balls
|
Batting: LHB Jorge Martínez
|
0-0: Called Strike 0-1: Ball 1-1: Foul Ball, location: 2F 1-2: Fly out, F8 (Flyball, 8LM)
|
Batting: RHB Mark Roy
|
0-0: Ball 1-0: Called Strike 1-1: Ball 2-1: Ball 3-1: Base on Balls Héctor Martínez to second
|
Batting: RHB Gil Watcham
|
0-0: Swinging Strike 0-1: Ball 1-1: Swinging Strike 1-2: Strikes out swinging
|
Pitching: RHP Drew Schaefer
|
|
Batting: RHB Ronald Parsons
|
0-0: Ball 1-0: Foul Ball, location: 2F 1-1: Ball 2-1: Called Strike 2-2: Ball 3-2: Strikes out swinging
|
Top of the 2nd over - 0 run(s), 0 hit(s), 0 error(s), 2 left on base; Amarillo 2 - Allentown 0 |
BOTTOM OF THE 2ND |
Allentown Hillbillies batting - Pitching for Amarillo Archdukes : RHP Nick Parks
|
Batting: RHB Wyatt McKinnon
|
0-0: SINGLE (Groundball, 34D)
|
Batting: RHB Millard Stark
|
0-0: Ball 1-0: Fly out, F7 (Flyball, 7M)
|
Batting: LHB Rafael Flores
|
0-0: Ball 1-0: SINGLE (Line Drive, 56) Wyatt McKinnon to second
|
Batting: RHB Gustavo Ortíz
|
0-0: Called Strike 0-1: Ball 1-1: Grounds into double play, U3-6 (Groundball, 3L)
|
Bottom of the 2nd over - 0 run(s), 2 hit(s), 0 error(s), 1 left on base; Amarillo 2 - Allentown 0 |
TOP OF THE 3RD |
Amarillo Archdukes batting - Pitching for Allentown Hillbillies : RHP Drew Schaefer
|
Batting: LHB Michael Cook
|
0-0: Called Strike 0-1: Called Strike 0-2: Ball 1-2: DOUBLE (Flyball, 89D)
|
Batting: RHB Eric Fuller
|
0-0: Called Strike 0-1: Foul Ball, location: 2F 0-2: Foul Ball, location: 2F 0-2: Strikes out looking
|
Batting: SHB António De La Cruz
|
0-0: Foul Ball, location: 2F 0-1: Swinging Strike 0-2: Ball 1-2: Ground out 6-3 (Groundball, 6M) Michael Cook to third
|
Batting: RHB Domingo Bueno
|
0-0: Ball 1-0: Ball Wild Pitch! Michael Cook scores 2-0: SINGLE (Line Drive, 78S)
|
Batting: LHB Héctor Martínez
|
0-0: Fielders Choice at 2nd, U4 (Groundball, 4M)
|
Top of the 3rd over - 1 run(s), 2 hit(s), 0 error(s), 1 left on base; Amarillo 3 - Allentown 0 |
BOTTOM OF THE 3RD |
Allentown Hillbillies batting - Pitching for Amarillo Archdukes : RHP Nick Parks
|
Batting: RHB Jimmy Simon
|
0-0: Ball 1-0: Swinging Strike 1-1: DOUBLE (Line Drive, 7D)
|
Batting: RHB Rubén Vázquez
|
0-0: Called Strike 0-1: Called Strike 0-2: Foul Ball, location: 2F 0-2: Foul Ball, location: 2F 0-2: Foul Ball, location: 2F 0-2: Ball 1-2: SINGLE (Line Drive, 9S) Jimmy Simon to third Runner from 3rd tries for Home, SAFE, throw made home Rubén Vázquez to second
|
Batting: LHB Miguel Colón
|
0-0: Called Strike 0-1: Foul Ball, location: 2F 0-2: Fly out, F9 (Flyball, 9D) Runner from 2nd tags up, SAFE at 3rd, no throw
|
Batting: RHB Chad Huggins
|
0-0: Foul Ball, location: 2F 0-1: Called Strike 0-2: Ball 1-2: Ground out 6-3 (Groundball, 6M) Rubén Vázquez scores
|
Batting: RHB Carl Brown
|
0-0: Hit by Pitch
|
Batting: RHB Wyatt McKinnon
|
0-0: Ball 1-0: Called Strike 1-1: Ball 2-1: Ground out 5-3 (Groundball, 5)
|
Bottom of the 3rd over - 2 run(s), 2 hit(s), 0 error(s), 1 left on base; Amarillo 3 - Allentown 2 |
TOP OF THE 4TH |
Amarillo Archdukes batting - Pitching for Allentown Hillbillies : RHP Drew Schaefer
|
Batting: LHB Jorge Martínez
|
0-0: SINGLE (Flyball, 7LM)
|
Batting: RHB Mark Roy
|
0-0: Fielders Choice at 2nd, 1-4 (Groundball, 15S)
|
Batting: RHB Gil Watcham
|
0-0: Ball 1-0: Ball 2-0: Called Strike 2-1: Ball 3-1: Fly out, F8 (Flyball, 8LS)
|
Batting: RHB Ronald Parsons
|
0-0: Ball 1-0: Ball 2-0: Ball 3-0: Base on Balls Mark Roy to second
|
Batting: LHB Michael Cook
|
0-0: Called Strike 0-1: Ball 1-1: Ball 2-1: Swinging Strike 2-2: Ball 3-2: DOUBLE (Line Drive, 3D) Mark Roy scores Ronald Parsons to third Ronald Parsons scores
|
Pitching: LHP Nick Merrit
|
|
Batting: RHB Eric Fuller
|
0-0: Ball 1-0: Called Strike 1-1: Ball 2-1: Foul Ball, location: 2F 2-2: Ball 3-2: Base on Balls
|
Batting: SHB António De La Cruz
|
0-0: Foul Ball, location: 2F 0-1: Called Strike 0-2: Ball 1-2: Ball 2-2: Ball 3-2: SINGLE (Groundball, 56) Michael Cook to third Eric Fuller to second Michael Cook scores Eric Fuller to third
|
Batting: RHB Domingo Bueno
|
0-0: Fly out, F6 (Line Drive, 6)
|
Top of the 4th over - 3 run(s), 3 hit(s), 0 error(s), 2 left on base; Amarillo 6 - Allentown 2 |
BOTTOM OF THE 4TH |
Allentown Hillbillies batting - Pitching for Amarillo Archdukes : RHP Nick Parks
|
Batting: RHB Millard Stark
|
0-0: Ball 1-0: Ball 2-0: Fly out, F8 (Flyball, 8RD)
|
Batting: LHB Rafael Flores
|
0-0: Called Strike 0-1: Ball 1-1: Swinging Strike 1-2: Strikes out swinging
|
Batting: RHB Gustavo Ortíz
|
0-0: Ball 1-0: Ball 2-0: Called Strike 2-1: Ball 3-1: Called Strike 3-2: Foul Ball, location: 2F 3-2: Foul Ball, location: 2F 3-2: DOUBLE (Flyball, 89XD)
|
Batting: RHB Jimmy Simon
|
0-0: Ball 1-0: Called Strike 1-1: Called Strike 1-2: Ball 2-2: Ball 3-2: 2-RUN HOME RUN (Flyball, 9LD), Distance : 379 ft
|
Batting: RHB Rubén Vázquez
|
0-0: Swinging Strike 0-1: Foul Ball, location: 2F 0-2: Ball 1-2: Ground out 5-3 (Groundball, 5)
|
Bottom of the 4th over - 2 run(s), 2 hit(s), 0 error(s), 0 left on base; Amarillo 6 - Allentown 4 |
TOP OF THE 5TH |
Amarillo Archdukes batting - Pitching for Allentown Hillbillies : LHP Nick Merrit
|
Batting: LHB Héctor Martínez
|
0-0: Ball 1-0: Ball 2-0: Ball 3-0: Called Strike 3-1: Base on Balls
|
Batting: LHB Jorge Martínez
|
0-0: SINGLE (Flyball, 78S) Héctor Martínez to second
|
Batting: RHB Mark Roy
|
0-0: Fielders Choice at 2nd, 3-6 (Groundball, 3) Héctor Martínez to third
|
Batting: RHB Gil Watcham
|
0-0: Foul Ball, location: 2F 0-1: Fly out, F9 (Flyball, 9M) Runner from 3rd tags up, SCORES, throw made
|
Batting: RHB Ronald Parsons
|
0-0: Ball 1-0: Ball 2-0: Ball 3-0: Called Strike 3-1: Called Strike 3-2: Fly out, F8 (Flyball, 8LS)
|
Top of the 5th over - 1 run(s), 1 hit(s), 0 error(s), 1 left on base; Amarillo 7 - Allentown 4 |
BOTTOM OF THE 5TH |
Allentown Hillbillies batting - Pitching for Amarillo Archdukes : RHP Nick Parks
|
Batting: LHB Miguel Colón
|
0-0: Ball 1-0: Ball 2-0: Ball 3-0: Base on Balls
|
Batting: RHB Chad Huggins
|
0-0: Ball 1-0: Ball 2-0: 2-RUN HOME RUN (Flyball, 7LD), Distance : 379 ft
|
Batting: RHB Carl Brown
|
0-0: Called Strike 0-1: Ball 1-1: Ground out 4-3 (Groundball, 4)
|
Batting: RHB Wyatt McKinnon
|
0-0: Ground out 2-3 (Groundball, 23)
|
Batting: RHB Millard Stark
|
0-0: Called Strike 0-1: Called Strike 0-2: Foul Ball, location: 2F 0-2: Ball 1-2: Foul Ball, location: 2F 1-2: Ground out 4-3 (Groundball, 4)
|
Bottom of the 5th over - 2 run(s), 1 hit(s), 0 error(s), 0 left on base; Amarillo 7 - Allentown 6 |
TOP OF THE 6TH |
Amarillo Archdukes batting - Pitching for Allentown Hillbillies : LHP Nick Merrit
|
Batting: LHB Michael Cook
|
0-0: Called Strike 0-1: Swinging Strike 0-2: SINGLE (Line Drive, 89M)
|
Batting: RHB Eric Fuller
|
0-0: SINGLE (Groundball, 6MD) Michael Cook to second Runner from 2nd tries for 3rd, SAFE, throw made to third
|
Batting: SHB António De La Cruz
|
0-0: Ball 1-0: Ball Eric Fuller steals 2nd base 2-0: Ball 3-0: Called Strike 3-1: Base on Balls
|
Batting: RHB Domingo Bueno
|
0-0: Ball 1-0: Ball 2-0: Ball 3-0: Called Strike 3-1: Base on Balls Michael Cook scores Eric Fuller to third António De La Cruz to second
|
Batting: LHB Héctor Martínez
|
0-0: Ball 1-0: Ball 2-0: Swinging Strike 2-1: Foul Ball, location: 2F 2-2: Foul Ball, location: 2F 2-2: Ball 3-2: Base on Balls Eric Fuller scores António De La Cruz to third Domingo Bueno to second
|
Pitching: LHP Alejandro Castillo
|
|
Batting: LHB Jorge Martínez
|
0-0: Called Strike 0-1: Swinging Strike 0-2: Strikes out swinging
|
Batting: RHB Mark Roy
|
0-0: Ball 1-0: Ball 2-0: Fly out, F3 (Popup, 23F)
|
Batting: RHB Gil Watcham
|
0-0: Ground out 4-3 (Groundball, 4)
|
Top of the 6th over - 2 run(s), 2 hit(s), 0 error(s), 3 left on base; Amarillo 9 - Allentown 6 |
BOTTOM OF THE 6TH |
Allentown Hillbillies batting - Pitching for Amarillo Archdukes : RHP Nick Parks
|
Batting: LHB Rafael Flores
|
0-0: Foul Ball, location: 2F 0-1: Swinging Strike 0-2: Foul Ball, location: 2F 0-2: Ball 1-2: Ball 2-2: Strikes out swinging
|
Batting: RHB Gustavo Ortíz
|
0-0: Reached on Error, E3 (Popup, 23)
|
Batting: RHB Jimmy Simon
|
0-0: Called Strike 0-1: Foul Ball, location: 2F 0-2: Strikes out swinging
|
Batting: RHB Rubén Vázquez
|
0-0: Called Strike 0-1: Swinging Strike 0-2: Ball 1-2: Ball 2-2: Foul Ball, location: 2F 2-2: Foul Ball, location: 2F 2-2: DOUBLE (Flyball, 78XD) Gustavo Ortíz to third
|
Batting: LHB Miguel Colón
|
0-0: Ball 1-0: Ball 2-0: Ball 3-0: Called Strike 3-1: Swinging Strike 3-2: Foul Ball, location: 2F 3-2: DOUBLE (Groundball, 3L) Gustavo Ortíz scores Rubén Vázquez scores
|
Batting: RHB Chad Huggins
|
0-0: Foul Ball, location: 2F 0-1: Ball 1-1: Swinging Strike 1-2: Strikes out looking
|
Bottom of the 6th over - 2 run(s), 2 hit(s), 1 error(s), 1 left on base; Amarillo 9 - Allentown 8 |
TOP OF THE 7TH |
Amarillo Archdukes batting - Pitching for Allentown Hillbillies : LHP Alejandro Castillo
|
Batting: RHB Ronald Parsons
|
0-0: Called Strike 0-1: Ball 1-1: Ball 2-1: Ball 3-1: Foul Ball, location: 2F 3-2: Ground out 5-3 (Groundball, 15S)
|
Batting: LHB Michael Cook
|
0-0: Ball 1-0: SINGLE (Groundball, 34S)
|
Batting: RHB Eric Fuller
|
0-0: Swinging Strike 0-1: Ball 1-1: Ball 2-1: Ball 3-1: Base on Balls Michael Cook to second
|
Batting: SHB António De La Cruz
|
0-0: Called Strike Michael Cook steals 3rd base Eric Fuller to second 0-1: Foul Ball, location: 2F 0-2: Ball 1-2: Ball 2-2: Foul Ball, location: 2F 2-2: Fly out, F7 (Flyball, 78S)
|
Pitching: RHP Dale Downs
|
|
Batting: RHB Domingo Bueno
|
0-0: Called Strike 0-1: Swinging Strike 0-2: Strikes out swinging
|
Top of the 7th over - 0 run(s), 1 hit(s), 0 error(s), 2 left on base; Amarillo 9 - Allentown 8 |
BOTTOM OF THE 7TH |
Allentown Hillbillies batting - Pitching for Amarillo Archdukes : RHP Nick Parks
|
Batting: RHB Carl Brown
|
0-0: Ball 1-0: Foul Ball, location: 2F 1-1: Called Strike 1-2: Foul Ball, location: 2F 1-2: Ground out 6-3 (Groundball, 56)
|
Batting: RHB Wyatt McKinnon
|
0-0: Ground out 1-3 (Groundball, 3S)
|
Batting: RHB Millard Stark
|
0-0: Called Strike 0-1: Ball 1-1: Ball 2-1: Fly out, F8 (Flyball, 8RM)
|
Bottom of the 7th over - 0 run(s), 0 hit(s), 0 error(s), 0 left on base; Amarillo 9 - Allentown 8 |
TOP OF THE 8TH |
Amarillo Archdukes batting - Pitching for Allentown Hillbillies : RHP Dale Downs
|
Batting: LHB Héctor Martínez
|
0-0: Ball 1-0: Ball 2-0: Ball 3-0: Base on Balls
|
Batting: LHB Jorge Martínez
|
0-0: Foul Ball, location: 2F 0-1: Swinging Strike 0-2: Foul Ball, location: 2F 0-2: Ball 1-2: Foul Ball, location: 2F 1-2: Strikes out swinging
|
Batting: RHB Mark Roy
|
0-0: Ball 1-0: Ball 2-0: Called Strike 2-1: Ball 3-1: Base on Balls Héctor Martínez to second
|
Pinch Runner at 2nd Nobuharu Hoshino:
|
|
Batting: RHB Gil Watcham
|
0-0: Swinging Strike 0-1: Ball 1-1: Called Strike 1-2: Foul Ball, location: 2F 1-2: Ball 2-2: Foul Ball, location: 2F 2-2: Foul Ball, location: 2F 2-2: Strikes out looking
|
Batting: RHB Ronald Parsons
|
0-0: Ball 1-0: Ball 2-0: Called Strike 2-1: Called Strike 2-2: Strikes out swinging
|
Top of the 8th over - 0 run(s), 0 hit(s), 0 error(s), 2 left on base; Amarillo 9 - Allentown 8 |
BOTTOM OF THE 8TH |
Allentown Hillbillies batting - Pitching for Amarillo Archdukes : RHP Nick Parks
|
Now at 1B: Nobuharu Hoshino
|
|
Batting: LHB Rafael Flores
|
0-0: Called Strike 0-1: Foul Ball, location: 2F 0-2: Ball 1-2: SOLO HOME RUN (Flyball, 89XD), Distance : 412 ft
|
Pitching: RHP Jeff Lawson
|
|
Pinch Hitting: LHB Marcos Vargas
|
0-0: Foul Ball, location: 2F 0-1: Swinging Strike 0-2: Foul Ball, location: 2F 0-2: DOUBLE (Line Drive, 8RM)
|
Batting: RHB Jimmy Simon
|
0-0: SINGLE (Groundball, 5L) Marcos Vargas to third Runner from 3rd tries for Home, throw and OUT! Jimmy Simon to second
|
Batting: RHB Rubén Vázquez
|
0-0: Ball 1-0: Swinging Strike 1-1: Ball 2-1: Ball 3-1: Foul Ball, location: 2F 3-2: Base on Balls
|
Batting: LHB Miguel Colón
|
0-0: Called Strike 0-1: Grounds into double play, 4-6-3 (Groundball, 4)
|
Bottom of the 8th over - 1 run(s), 3 hit(s), 0 error(s), 1 left on base; Amarillo 9 - Allentown 9 |
TOP OF THE 9TH |
Amarillo Archdukes batting - Pitching for Allentown Hillbillies : RHP Dale Downs
|
Pitching: RHP Pepe Fernández
|
|
Now at SS: Marcos Vargas
|
|
Batting: LHB Michael Cook
|
0-0: Called Strike 0-1: Fly out, F4 (Line Drive, 34)
|
Batting: RHB Eric Fuller
|
0-0: Ground out U3 (Groundball, 3)
|
Batting: SHB António De La Cruz
|
0-0: DOUBLE (Line Drive, 8LXD)
|
Batting: RHB Domingo Bueno
|
0-0: Ball 1-0: Ball 2-0: Ball 3-0: Called Strike 3-1: Foul Ball, location: 2F 3-2: Ground out 5-3 (Groundball, 56)
|
Top of the 9th over - 0 run(s), 1 hit(s), 0 error(s), 1 left on base; Amarillo 9 - Allentown 9 |
BOTTOM OF THE 9TH |
Allentown Hillbillies batting - Pitching for Amarillo Archdukes : RHP Jeff Lawson
|
Batting: RHB Chad Huggins
|
0-0: Ground out 6-3 (Groundball, 6M)
|
Batting: RHB Carl Brown
|
0-0: Ball 1-0: Fly out, F9 (Flyball, 9M)
|
Batting: RHB Wyatt McKinnon
|
0-0: Ball 1-0: Called Strike 1-1: Ball 2-1: Foul Ball, location: 2F 2-2: Strikes out swinging
|
Bottom of the 9th over - 0 run(s), 0 hit(s), 0 error(s), 0 left on base; Amarillo 9 - Allentown 9 |
TOP OF THE 10TH |
Amarillo Archdukes batting - Pitching for Allentown Hillbillies : RHP Pepe Fernández
|
Batting: RHB Nobuharu Hoshino
|
0-0: SOLO HOME RUN (Flyball, 89XD), Distance : 412 ft
|
Batting: LHB Jorge Martínez
|
0-0: Foul Ball, location: 2F 0-1: Foul Ball, location: 2F 0-2: Foul Ball, location: 2F 0-2: Ball 1-2: Strikes out swinging
|
Batting: RHB Mark Roy
|
0-0: Ball 1-0: Ball 2-0: Foul Ball, location: 2F 2-1: SINGLE (Groundball, 4MD)
|
Pitching: LHP Alberto Maldonado
|
|
Batting: RHB Gil Watcham
|
0-0: Called Strike 0-1: Swinging Strike 0-2: Strikes out swinging
|
Pinch Hitting: RHB Paul Ladd
|
0-0: Ball 1-0: 2-RUN HOME RUN (Flyball, 8LXD), Distance : 432 ft
|
Batting: LHB Michael Cook
|
0-0: Ball 1-0: Called Strike 1-1: Ball 2-1: Swinging Strike 2-2: Strikes out swinging
|
Top of the 10th over - 3 run(s), 3 hit(s), 0 error(s), 0 left on base; Amarillo 12 - Allentown 9 |
BOTTOM OF THE 10TH |
Allentown Hillbillies batting - Pitching for Amarillo Archdukes : RHP Jeff Lawson
|
Now at C: Paul Ladd
|
|
Batting: RHB Millard Stark
|
0-0: Ball 1-0: Swinging Strike 1-1: Foul Ball, location: 2F 1-2: Foul Ball, location: 2F 1-2: Ball 2-2: Foul Ball, location: 2F 2-2: Ball 3-2: Strikes out swinging
|
Pitching: RHP Frederick Kern
|
|
Batting: LHB Rafael Flores
|
0-0: Called Strike 0-1: Ball 1-1: Ground out 6-3 (Groundball, 6M)
|
Batting: LHB Marcos Vargas
|
0-0: Foul Ball, location: 2F 0-1: Swinging Strike 0-2: Strikes out looking
|
Bottom of the 10th over - 0 run(s), 0 hit(s), 0 error(s), 0 left on base; Amarillo 12 - Allentown 9 |
|